AoeStats
← alix

Arabia

508686007Analyzed
1v1 RM · 9d ago on Sep 23, 2026· 40m 41s· 2 players
Game mode
Random Map
Map size
Tiny (2 player)
Population
200
Speed
Normal
Resources
Standard
Victory
Conquest
Starting age
Dark Age
Ending age
Imperial Age
RankedLock teamsTeams togetherTeam positionsShared explorationLock speedFull tech treeHidden civsTurbo modeCheats
Victory
Defeat
🇩🇪 Varangians · Germany
1819
+10
🇦🇷 Aztecs · Argentina
1690
-10
onlyAztecsinArabia
7:02 Loom
9:25 Feudal Age
9:55 Double-Bit Axe
9:51 Horse Collar
19:36 Castle Age
17:44 Gold Mining
18:50 Fletching
19:36 Padded Archer Armor
20:46 Bow Saw
20:37 Heavy Plow
21:26 Bodkin Arrow
21:02 Elite Skirmisher
22:01 Pikeman
23:42 Squires
24:52 Scale Mail Armor
25:12 Town Watch
26:33 Chain Mail Armor
29:51 Sanctity
28:58 Eagle Warrior
30:38 Wheelbarrow
32:10 Hand Cart
32:34 Gold Shaft Mining
31:50 Stone Mining
32:22 Forging
33:44 Iron Casting
36:58 Imperial Age
36:16 Fervor
38:34 Plate Mail Armor
38:43 Conscription
37:53 Capped Ram
39:28 Garland Wars
40:22 Blast Furnace
alix
6:05 Loom
8:25 Feudal Age
9:01 Double-Bit Axe
9:15 Horse Collar
18:44 Castle Age
17:38 Fletching
17:55 Gold Mining
19:50 Scale Barding Armor
19:56 Bloodlines
21:11 Forging
22:57 Bow Saw
25:57 Wheelbarrow
25:07 Town Watch
31:44 Imperial Age
29:37 Hand Cart
29:35 Husbandry
32:38 Cavalier
33:58 Iron Casting
33:00 Vendel Legacy
35:13 Devotion
36:36 Chain Barding Armor
37:56 Plate Barding Armor
38:22 Blast Furnace
40:03 Bodkin Arrow
Connection lost

Rejoining the realm…

Still unreachable

The connection could not be restored.

Session expired

The server has moved on; the page needs a fresh start.